 Dungeon Crawl Stone Soup version 0.26-a0-682-g294304f6e8 (console) character file.

Game seed: 18180648597387298713

15438 Ignak the Reanimator (level 12, 0/91 HPs)
             Began as a Gnoll Necromancer on Oct 21, 2020.
             Was the Champion of Okawaru.
             Slain by an ettin
             ... wielding a +0 dire flail
              (37 damage)
             ... on level 2 of the Orcish Mines.
             The game lasted 00:46:38 (15787 turns).

Ignak the Reanimator (Gnoll Necromancer)           Turns: 15787, Time: 00:46:39

Health: 0/91       AC: 11    Str: 11      XL:     12   Next: 27%
Magic:  18/24      EV: 17    Int: 27 (29) God:    Okawaru [******]
Gold:   1062       SH:  0    Dex: 15      Spells: 8/28 levels left

rFire    . . .     SeeInvis .   q - +7 whip {protect, Int+6}
rCold    . . .     Faith    +   (no shield)
rNeg     + . .     Spirit   .   F - +1 troll leather armour
rPois    .         Reflect  .   m - +2 hat
rElec    .         Harm     .   G - +1 cloak
rCorr    .         Rampage  .   t - +0 pair of gloves
MR       .....                  (no boots)
Stlth    ++++......             B - amulet of faith
HPRegen  0.65/turn              r - ring of positive energy
MPRegen  0.19/turn              j - ring of wizardry

@: no status effects
A: distributed training, fangs 1, strong nose
a: Heroism, Finesse, Renounce Religion


You were on level 2 of the Orcish Mines.
You worshipped Okawaru.
Okawaru was exalted by your worship.
You visited 3 branches of the dungeon, and saw 13 of its levels.
You also visited: Sewer.

You collected 1101 gold pieces.
You spent 39 gold pieces at shops.

Inventory:

Hand Weapons
 i - a +0 spear of venom
 q - the +7 whip of Evisceration (weapon) {protect, Int+6}
   (You found it on level 5 of the Dungeon)

   It grants its wielder temporary protection when it strikes (+7 to AC).
   It affects your intelligence (+6).
Missiles
 e - 108 poisoned darts (quivered)
Armour
 m - a +2 hat (worn)
 t - a +0 pair of gloves (worn)
 x - a +2 leather armour of fire resistance
 F - a +1 troll leather armour (worn)
 G - a +1 cloak (worn)
Jewellery
 b - an uncursed ring of protection from cold
 j - a ring of wizardry (right hand)
 r - a ring of positive energy (left hand)
 v - an uncursed ring of flight
 B - an amulet of faith (around neck)
Wands
 h - a wand of paralysis (5)
 p - a wand of polymorph (7)
 s - a wand of iceblast (17)
 u - a wand of flame (24)
 A - a wand of acid (3)
 C - a wand of disintegration (11)
Scrolls
 d - 6 scrolls of teleportation
 f - 5 scrolls of remove curse
 g - a scroll of amnesia
 k - 3 scrolls of magic mapping
 n - 3 scrolls of identify
 y - 2 scrolls of enchant weapon
 z - a scroll of fog
 E - a scroll of fear
Potions
 a - 2 potions of might
 l - 2 potions of heal wounds
 o - 4 potions of brilliance
 w - a potion of flight
 D - 2 potions of curing


   Skills:
 + Level 7.1 Fighting
 + Level 7.1 Short Blades
 + Level 7.1 Long Blades
 + Level 7.1 Axes
 + Level 7.1 Maces & Flails
 + Level 7.1 Polearms
 + Level 7.1 Staves
 + Level 7.1 Slings
 + Level 7.1 Bows
 + Level 7.1 Crossbows
 + Level 7.1 Throwing
 + Level 7.1 Armour
 + Level 8.5 Dodging
 + Level 8.3 Stealth
 + Level 7.1 Shields
 + Level 7.1 Unarmed Combat
 + Level 8.8 Spellcasting
 + Level 5.9 Conjurations
 + Level 5.9 Hexes
 + Level 5.9 Summonings
 + Level 9.3 Necromancy
 + Level 5.9 Translocations
 + Level 5.9 Transmutations
 + Level 5.9 Fire Magic
 + Level 5.9 Ice Magic
 + Level 5.9 Air Magic
 + Level 5.9 Earth Magic
 + Level 5.9 Poison Magic
 + Level 7.8 Invocations
 + Level 7.1 Evocations


You had 8 spell levels left.
You knew the following spells:

 Your Spells              Type           Power        Failure   Level
a - Searing Ray           Conj           #####.       1%          2
b - Ensorcelled Hibernat  Hex/Ice        #####.       1%          2
c - Vampiric Draining     Necr           ######....   1%          3
d - Tukima's Dance        Hex            #####...     1%          3
f - Fireball              Conj/Fire      #####.....   6%          5
q - Sticky Flame          Conj/Fire      #####...     2%          4
z - Animate Skeleton      Necr           ######       1%          1

Your spell library contained the following spells:

 Spells                   Type           Power        Failure   Level
 Corona                   Hex            #####..      1%          1
 Foxfire                  Conj/Fire      ####         1%          1
 Magic Dart               Conj           ####         1%          1
 Pain                     Necr           ####         1%          1
 Confusing Touch          Hex            #####...     1%          3
 Conjure Flame            Conj/Fire      #####...     1%          3
 Dazzling Flash           Conj/Hex       #####.       1%          3
 Inner Flame              Hex/Fire       #####...     1%          3
 Animate Dead             Necr           ######....   1%          4
 Agony                    Necr           ######..     1%          5
 Fulminant Prism          Conj/Hex       #####.....   2%          4
 Iskenderun's Mystic Bla  Conj/Tloc      #####...     2%          4


Dungeon Overview and Level Annotations

Branches:
Dungeon (10/15)            Temple (1/1) D:5            Lair (0/6) D:9
    Orc (2/2) D:10          Sewer (visited)
    Elf: Orc:2

Altars:
Ashenzari
Cheibriados
Dithmenos
Elyvilon
Fedhas
Gozag
Hepliaklqana
Kikubaaqudgha
Makhleb
Nemelex Xobeh
Okawaru
Qazlal
Ru
Sif Muna
Trog
Uskayaw
Vehumet
Wu Jian
Xom
Yredelemnul
Zin
The Shining One

Shops:
D:9 *


Innate Abilities, Weirdness & Mutations

Your experience applies equally to all skills.
You have very sharp teeth.
Your uncanny sense of smell can sniff out nearby items.


Message History

Okay, then.
You feel much better. The orc priest closely misses you.
Unknown command.
The orc priest mumbles some strange prayers to Beogh against you.
Beogh smites you!
Press: ? - help, v - describe, . - travel
Here: an ettin, wielding a +0 dire flail and a +0 great mace The floor.
Casting: Vampiric Draining (safe; 1% risk of failure)
Confirm with . or Enter, or press ? or * to list all spells.
Aiming: Tukima's Dance (safe; 1% risk of failure)
Press: ? - help, Shift-Dir - straight line, f - ettin
Aim: an ettin, wielding a +0 dire flail and a +0 great mace (chance to defeat MR: 62%)
Okay, then.
Unknown command.
Things that are here:
a cursed +0 dagger; a +0 robe The ettin completely misses you.
The ettin hits you with a +0 great mace!!!
You die...

..#####.......#.####
..##............#..##
...#...............<#
...................##
.........#..........#
..)......##.#.......#
.......####.##.#....#
........##.........<#
..........#.....@.#....#
....#...........C.###.##
.#o.............o.$# ##
....#[.........o...#
.....##...........##
#.#.###......)...##
######...#....o.##
##.#......###
###......#.##


You could see an ettin, an orc priest, an orc wizard and an orc.

Vanquished Creatures
  Erica (D:8)
  A two-headed ogre (D:10)
  An orc high priest (D:10)
  An orc sorcerer (Orc:2)
  A cyclops (Orc:1)
  Maurice (D:10)
  Joseph (D:7)
  3 trolls
  A hornet (D:9)
  3 wyverns (D:9)
  Sigmund (D:6)
  19 yaks
  A basilisk (D:9)
  3 chaos spawn (D:7)
  5 wargs
  3 water moccasins (D:9)
  A soldier ant (D:10)
  10 orc warriors
  5 sky beasts
  2 phantoms
  A black bear (D:9)
  4 ice beasts
  3 ogres
  The ghost of Sensen the Grasshopper, an amateur DrWr (D:3)
  2 centaurs (D:5)
  A necrophage (D:5)
  7 bullfrogs
  A gnoll sergeant (D:10)
  2 scorpions
  5 killer bees (D:8)
  22 wights
  2 howler monkeys
  6 hounds
  3 bullfrog skeletons
  9 orc priests
  5 jellies
  20 orc wizards
  2 centaur skeletons
  4 iguanas
  6 worker ants
  16 adders
  5 gnolls
  A howler monkey skeleton (D:4)
  3 shadow imps
  4 ufetubi
  7 worms
  2 dart slugs
  7 leopard geckos
  34 orcs
  10 giant cockroaches
  7 goblins
  9 hobgoblins
  3 jackals (D:3)
  7 quokkas
  3 ball pythons
  11 bats
  11 frilled lizards
  9 kobolds
  2 leopard gecko zombies
  7 rats
328 creatures vanquished.

Vanquished Creatures (collateral kills)
  An orc priest (Orc:2)
  An orc (D:8)
2 creatures vanquished.

Vanquished Creatures (others)
  3 fungi
  25 plants
28 creatures vanquished.

Grand Total: 358 creatures vanquished

Notes
Turn   | Place    | Note
-------+----------+-------------------------------------------
     0 | D:1      | Ignak the Gnoll Necromancer began the quest for the Orb.
     0 | D:1      | Reached XP level 1. HP: 13/13 MP: 6/6
   305 | D:1      | Reached XP level 2. HP: 19/19 MP: 5/7
   501 | D:1      | Learned a level 1 spell: Animate Skeleton
   812 | D:1      | Found a sacrificial altar of Ru.
   817 | D:1      | Reached XP level 3. HP: 22/25 MP: 5/9
   822 | D:1      | Learned a level 3 spell: Vampiric Draining
   837 | D:1      | Reached skill level 5 in Spellcasting
   845 | D:1      | Reached skill level 1 in Invocations
  1269 | D:2      | Reached skill level 1 in Fighting
  1269 | D:2      | Reached skill level 1 in Short Blades
  1269 | D:2      | Reached skill level 1 in Long Blades
  1269 | D:2      | Reached skill level 1 in Axes
  1269 | D:2      | Reached skill level 1 in Maces & Flails
  1269 | D:2      | Reached skill level 1 in Polearms
  1269 | D:2      | Reached skill level 1 in Staves
  1269 | D:2      | Reached skill level 1 in Slings
  1269 | D:2      | Reached skill level 1 in Bows
  1269 | D:2      | Reached skill level 1 in Crossbows
  1269 | D:2      | Reached skill level 1 in Throwing
  1269 | D:2      | Reached skill level 1 in Armour
  1269 | D:2      | Reached skill level 1 in Shields
  1269 | D:2      | Reached skill level 1 in Unarmed Combat
  1269 | D:2      | Reached skill level 1 in Evocations
  1285 | D:2      | Reached XP level 4. HP: 28/32 MP: 4/11
  2200 | D:3      | Reached skill level 1 in Conjurations
  2200 | D:3      | Reached skill level 1 in Hexes
  2200 | D:3      | Reached skill level 1 in Summonings
  2200 | D:3      | Reached skill level 1 in Translocations
  2200 | D:3      | Reached skill level 1 in Transmutations
  2200 | D:3      | Reached skill level 1 in Fire Magic
  2200 | D:3      | Reached skill level 1 in Ice Magic
  2200 | D:3      | Reached skill level 1 in Air Magic
  2200 | D:3      | Reached skill level 1 in Earth Magic
  2200 | D:3      | Reached skill level 1 in Poison Magic
  2208 | D:3      | Found a runed translucent door.
  2208 | D:3      | Noticed Sensen's ghost (amateur DrWr)
  2243 | D:3      | Learned a level 2 spell: Ensorcelled Hibernation
  2247 | D:3      | Learned a level 3 spell: Tukima's Dance
  2475 | D:3      | Found a blossoming altar of Fedhas.
  2612 | D:3      | Reached XP level 5. HP: 28/37 MP: 8/12
  2722 | D:3      | Found a white marble altar of Elyvilon.
  2722 | D:3      | Found a hazy altar of Hepliaklqana.
  2727 | D:3      | Found a faded altar of an unknown god.
  2729 | D:3      | Found a faded altar of an unknown god.
  2732 | D:3      | Found a glowing silver altar of Zin.
  3258 | D:4      | Found a glowing drain.
  3271 | Sewer    | Entered a sewer
  3580 | Sewer    | Reached XP level 6. HP: 41/44 MP: 9/13
  3778 | Sewer    | Reached skill level 5 in Dodging
  4177 | D:4      | Reached XP level 7. HP: 37/50 MP: 2/15
  4403 | D:4      | Found a stormy altar of Qazlal.
  4987 | D:5      | Entered Level 5 of the Dungeon
  5018 | D:5      | Reached skill level 5 in Stealth
  5325 | D:5      | Found a staircase to the Ecumenical Temple.
  5340 | D:5      | Got a fine whip
  5343 | D:5      | Identified the +7 whip of Evisceration {protect, Int+6}
                  | (You found it on level 5 of the Dungeon)
  5348 | Temple   | Entered the Ecumenical Temple
  5354 | Temple   | Learned a level 4 spell: Sticky Flame
  5370 | Temple   | Became a worshipper of Warmaster Okawaru
  5431 | D:5      | Reached XP level 8. HP: 57/57 MP: 16/16
  6023 | D:5      | Found a shimmering blue altar of Sif Muna.
  6175 | D:3      | Killed Sensen's ghost
  6525 | D:6      | Noticed Sigmund
  6551 | D:6      | Killed Sigmund
  6551 | D:6      | Reached * piety under Okawaru
  7103 | D:7      | Reached XP level 9. HP: 54/64 MP: 8/18
  7315 | D:7      | Reached ** piety under Okawaru
  7345 | D:7      | Learned a level 5 spell: Fireball
  7604 | D:7      | Noticed Joseph
  7654 | D:7      | Reached skill level 8 in Necromancy
  7664 | D:7      | Killed Joseph
  7851 | D:7      | Found a snail-covered altar of Cheibriados.
  7924 | D:7      | Found a snail-covered altar of Cheibriados.
  8287 | D:8      | Found a shimmering altar of Xom.
  8290 | D:8      | Found the +7 mace of Variability {chain chaos}
  8444 | D:7      | Reached skill level 5 in Invocations
  8696 | D:8      | Reached *** piety under Okawaru
  8911 | D:8      | Noticed Erica
  8930 | D:8      | Reached XP level 10. HP: 51/73 MP: 1/20
  9036 | D:8      | Killed Erica
  9036 | D:8      | Reached skill level 5 in Fighting
  9036 | D:8      | Reached skill level 5 in Short Blades
  9036 | D:8      | Reached skill level 5 in Long Blades
  9036 | D:8      | Reached skill level 5 in Axes
  9036 | D:8      | Reached skill level 5 in Maces & Flails
  9036 | D:8      | Reached skill level 5 in Polearms
  9036 | D:8      | Reached skill level 5 in Staves
  9036 | D:8      | Reached skill level 5 in Slings
  9036 | D:8      | Reached skill level 5 in Bows
  9036 | D:8      | Reached skill level 5 in Crossbows
  9036 | D:8      | Reached skill level 5 in Throwing
  9036 | D:8      | Reached skill level 5 in Armour
  9036 | D:8      | Reached skill level 5 in Shields
  9036 | D:8      | Reached skill level 5 in Unarmed Combat
  9036 | D:8      | Reached skill level 5 in Evocations
  9409 | D:8      | Reached **** piety under Okawaru
  9833 | D:9      | Paralysed by a hornet for 1 turns
 10175 | D:9      | Found a staircase to the Lair.
 10231 | D:9      | Received a gift from Okawaru
 10487 | D:9      | Found Xuluilo's General Store.
 10875 | D:9      | Reached ***** piety under Okawaru
 10876 | D:9      | Reached XP level 11. HP: 39/81 MP: 0/22
 11111 | D:9      | Bought a potion of curing for 39 gold pieces
 11220 | D:9      | Received a gift from Okawaru
 11235 | D:9      | Found a shimmering altar of Xom.
 11628 | D:9      | Received a gift from Okawaru
 11628 | D:9      | Reached skill level 5 in Conjurations
 11628 | D:9      | Reached skill level 5 in Hexes
 11628 | D:9      | Reached skill level 5 in Summonings
 11628 | D:9      | Reached skill level 5 in Translocations
 11628 | D:9      | Reached skill level 5 in Transmutations
 11628 | D:9      | Reached skill level 5 in Fire Magic
 11628 | D:9      | Reached skill level 5 in Ice Magic
 11628 | D:9      | Reached skill level 5 in Air Magic
 11628 | D:9      | Reached skill level 5 in Earth Magic
 11628 | D:9      | Reached skill level 5 in Poison Magic
 12384 | D:10     | Entered Level 10 of the Dungeon
 12408 | D:10     | Received a gift from Okawaru
 12468 | D:10     | Noticed Maurice
 12486 | D:10     | Killed Maurice
 12730 | D:10     | Reached skill level 9 in Necromancy
 12744 | D:10     | Received a gift from Okawaru
 13084 | D:10     | Noticed a two-headed ogre
 13087 | D:10     | Found a staircase to the Orcish Mines.
 13096 | D:10     | Killed a two-headed ogre
 13432 | D:10     | Received a gift from Okawaru
 13978 | D:10     | Learned a level 2 spell: Searing Ray
 14488 | Orc:1    | Entered Level 1 of the Orcish Mines
 14505 | D:10     | Received a gift from Okawaru
 14648 | Orc:1    | Noticed an orc high priest
 14801 | D:10     | Killed an orc high priest
 14801 | D:10     | Reached ****** piety under Okawaru
 14801 | D:10     | Reached XP level 12. HP: 89/89 MP: 7/24
 15450 | Orc:2    | Entered Level 2 of the Orcish Mines
 15553 | Orc:2    | Paralysed by an orc sorcerer for 5 turns
 15564 | Orc:2    | Received a gift from Okawaru
 15767 | Orc:2    | Noticed an ettin
 15787 | Orc:2    | Slain by an ettin

Illustrated notes

Levels and vault maps discovered:
D:1:      mrwooster_arrival_statue, layout_basic, kennysheep_flooded_box
D:2:      layout_basic
D:3:      layout_loops_cross, chequers_temple_overflow_minitemple,
          hellmonk_ghost_happy_afterlife, fedhas_altar_3
D:4:      layout_loops_ring, grunt_qazlal_sundering, cheibrodos_sewer_entry_bend
D:5:      minmay_skewed_foursquare, layout_basic, kennysheep_mini_moat,
          minmay_temple_entry_offerings
D:6:      layout_rooms, uniq_sigmund
D:7:      layout_basic, lemuel_doored_altar, basic_altar, corexii_corridor_pit,
          minmay_misc_feat_roman, uniq_joseph
D:8:      layout_basic, st_stairs_3, minmay_guarded_unrand_variability,
          uniq_erica
D:9:      layout_grid_maze, minmay_lair_entry_grove, serial_shops,
          nicolae_shop_trees, lemuel_altar_in_water
D:10:     layout_irregular_city, david_orc_3, uniq_maurice
Temple:   lightli_temple_of_artemis
Orc:1:    layout_caves
Orc:2:    st_orc_town, layout_diamond_mine, basic_altar

Skill      XL: |  1  2  3  4  5  6  7  8  9 10 11 12 |
---------------+-------------------------------------+-----
Spellcasting   | 5 6 7 8 |  8.8
Invocations    | 1 2 3 4 5 6 7 |  7.8
Fighting       | 1 2 3 4 5 6 7 |  7.1
Short Blades   | 1 2 3 4 5 6 7 |  7.1
Long Blades    | 1 2 3 4 5 6 7 |  7.1
Axes           | 1 2 3 4 5 6 7 |  7.1
Maces & Flails | 1 2 3 4 5 6 7 |  7.1
Polearms       | 1 2 3 4 5 6 7 |  7.1
Staves         | 1 2 3 4 5 6 7 |  7.1
Slings         | 1 2 3 4 5 6 7 |  7.1
Bows           | 1 2 3 4 5 6 7 |  7.1
Crossbows      | 1 2 3 4 5 6 7 |  7.1
Throwing       | 1 2 3 4 5 6 7 |  7.1
Armour         | 1 2 3 4 5 6 7 |  7.1
Shields        | 1 2 3 4 5 6 7 |  7.1
Unarmed Combat | 1 2 3 4 5 6 7 |  7.1
Evocations     | 1 2 3 4 5 6 7 |  7.1
Conjurations   | 1 2 3 4 5 |  5.9
Hexes          | 1 2 3 4 5 |  5.9
Summonings     | 1 2 3 4 5 |  5.9
Translocations | 1 2 3 4 5 |  5.9
Transmutations | 1 2 3 4 5 |  5.9
Fire Magic     | 1 2 3 4 5 |  5.9
Ice Magic      | 1 2 3 4 5 |  5.9
Air Magic      | 1 2 3 4 5 |  5.9
Earth Magic    | 1 2 3 4 5 |  5.9
Poison Magic   | 1 2 3 4 5 |  5.9
Dodging        | 5 6 7 8 |  8.5
Stealth        | 5 6 7 8 |  8.3
Necromancy     | 8 9 |  9.3

Action                   |  1- 3 |  4- 6 |  7- 9 | 10-12 || total
-------------------------+-------+-------+-------+-------++-------
Melee: Unarmed           |     5 |       |       |       ||     5
       Short sword       |     5 |       |       |       ||     5
       Bite              |     1 |    11 |    19 |    48 ||    79
       Spear             |       |   115 |    87 |       ||   202
       Whip              |       |       |   173 |   417 ||   590
       Punch             |       |       |     3 |    12 ||    15
Throw: Dart              |       |     2 |     1 |       ||     3
 Cast: Pain              |    40 |    53 |       |       ||    93
       Vampiric Draining |       |    24 |    28 |    98 ||   150
       Animate Skeleton  |       |     2 |    16 |    35 ||    53
       Ensorcelled Hiber |       |     2 |     1 |       ||     3
       Sticky Flame      |       |       |    18 |     9 ||    27
       Fireball          |       |       |     2 |    48 ||    50
Evoke: Wand              |       |     1 |       |     3 ||     4
  Use: Scroll            |       |     6 |     5 |     8 ||    19
       Potion            |       |     2 |     4 |     5 ||    11
 Stab: Sleeping          |     2 |     3 |    12 |     6 ||    23
       Distracted        |       |       |     1 |     1 ||     2
       Invisible         |       |       |       |     1 ||     1
Armor: Robe              |     3 |    17 |    55 |       ||    75
       Leather armour    |       |       |    19 |   133 ||   152
       Troll leather arm |       |       |       |    32 ||    32
Dodge: Dodged            |    20 |   129 |   196 |   414 ||   759

Table legend: (Time is in decaauts)
 A = Elapsed time spent in this place.
 B = Non-inter-level travel time spent in this place.
 C = Inter-level travel time spent in this place.
 D = Time resting spent in this place.
 E = Time spent auto-exploring this place.
 F = Levels seen in this place.
 G = Mean time per level.
                   A        B        C        D        E       F      G
               +--------+--------+--------+--------+--------+-----+--------+
         Total |  15820 |  15597 |    223 |   4158 |   6578 |  14 | 1130.0 |
       Dungeon |  14111 |  13888 |    223 |   3712 |   6101 |  10 | 1411.1 |
        Temple |     39 |     39 |      0 |      0 |      0 |   1 |   39.0 |
  Orcish Mines |    734 |    734 |      0 |    197 |    174 |   2 |  367.0 |
         Sewer |    935 |    935 |      0 |    249 |    302 |   1 |  935.0 |
               +--------+--------+--------+--------+--------+-----+--------+

Top non-repeatable levels by time:
     D:9: 2992 daAuts
    D:10: 2390 daAuts
     D:7: 1514 daAuts
     D:5: 1109 daAuts
     D:1: 1108 daAuts
     D:8: 1081 daAuts
     D:2: 1077 daAuts
     D:3: 1056 daAuts
     D:4: 1040 daAuts
   Sewer: 935 daAuts
     D:6: 739 daAuts
   Orc:1: 511 daAuts
   Orc:2: 222 daAuts
  Temple: 39 daAuts
